AoeStats
← JfuRy

Black Forest

510629200Analyzed
3v3 RM · 1d ago on Oct 1, 2026· 43m 6s· 6 players
Game mode
Random Map
Map size
Normal (6 player)
Population
200
Speed
Normal
Resources
Standard
Victory
Conquest
Starting age
Dark Age
Ending age
Imperial Age
RankedLock teamsTeams togetherTeam positionsShared explorationLock speedFull tech treeHidden civsTurbo modeCheats
Victory
Defeat
🇸🇪 Vietnamese · Sweden
944
+13
🇺🇸 Varangians · United States
917
+14
🇧🇴 Malay · Bolivia
847
+17
🇦🇷 Khmer · Argentina
990
-18
🇦🇷 Malians · Argentina
876
-15
🇨🇿 Bohemians · Czechia
782
-11
SavageDumpling
8:51 Loom
11:10 Feudal Age
14:35 Castle Age
12:37 Double-Bit Axe
12:48 Horse Collar
13:46 Stone Mining
14:17 Gold Mining
22:11 Town Watch
22:41 Heavy Plow
23:01 Bow Saw
24:39 Wheelbarrow
28:39 Imperial Age
26:58 Hand Cart
27:22 Town Patrol
27:37 Forging
27:39 Scale Barding Armor
28:57 Husbandry
29:08 Bloodlines
30:14 Iron Casting
30:00 Chain Barding Armor
30:55 Elite Jarl
32:55 Blast Furnace
38:40 Plate Barding Armor
43:32 Conscription
DeMoTiX
0:37 Loom
12:06 Feudal Age
15:17 Wheelbarrow
20:52 Castle Age
22:26 Double-Bit Axe
22:57 Horse Collar
25:21 Husbandry
34:50 Hand Cart
37:45 Pikeman
39:27 Forging
40:34 Arson
firstApe
13:31 Feudal Age
14:31 Fishing Lines
16:17 Loom
16:23 Town Watch
16:36 Horse Collar
19:47 Double-Bit Axe
22:54 Loom
25:35 Castle Age
23:29 Gold Mining
23:32 Stone Mining
24:38 Fletching
28:22 Heavy Plow
29:02 Stone Shaft Mining
28:39 Bow Saw
28:30 Bodkin Arrow
28:57 Gillnets
29:29 Masonry
29:15 Murder Holes
30:19 Wheelbarrow
29:49 Town Patrol
30:54 Padded Archer Armor
32:39 Leather Archer Armor
32:30 Scale Barding Armor
32:48 Ballistics
32:52 Hand Cart
33:30 Chatras
33:32 Husbandry
33:43 Bloodlines
34:59 Chain Barding Armor
34:55 Fortified Wall
42:19 Imperial Age
40:20 Forging
40:22 Caravan
41:01 Treadmill Crane
42:02 Iron Casting
44:12 Chemistry
43:14 Bracer
43:50 Plate Barding Armor
TermodeMiller
6:08 Loom
13:29 Feudal Age
14:01 Double-Bit Axe
18:44 Horse Collar
18:59 Gold Mining
22:39 Stone Mining
25:43 Castle Age
25:09 Fletching
Drako
1:22 Loom
12:35 Feudal Age
14:07 Double-Bit Axe
14:16 Town Watch
20:08 Wheelbarrow
22:05 Castle Age
19:54 Horse Collar
26:48 Bow Saw
30:23 Imperial Age
28:27 Fletching
28:50 Fortified Wall
29:56 Chemistry
30:07 Pikeman
31:17 Ballistics
30:57 Bodkin Arrow
32:02 Hand Cart
31:31 Man-at-Arms
32:57 Halberdier
32:58 Long Swordsman
34:18 Two-Handed Swordsman
35:44 Elite Skirmisher
40:38 Bombard Tower
40:15 Murder Holes
JfuRy
0:39 Loom
9:51 Feudal Age
18:44 Castle Age
16:44 Horse Collar
16:53 Double-Bit Axe
17:15 Horse Collar
23:09 Bow Saw
23:02 Heavy Plow
24:36 Caravan
26:14 Pikeman
32:36 Arson
36:54 Forging
37:01 Scale Mail Armor
Connection lost

Rejoining the realm…

Still unreachable

The connection could not be restored.

Session expired

The server has moved on; the page needs a fresh start.